 Dungeon Crawl Stone Soup version 0.31.0-32-g396128a36d (webtiles) character file.

Game seed: 2693398421547509959

138142 spaghetti the Spry (level 16, 0/124 HPs)
             Began as a Demonspawn Chaos Knight on Apr 1, 2024.
             Was a Plaything of Xom.
             Slain by a +2 long sword of freezing (2 damage)
             ... while paralysed by an air elemental
             ... on level 2 of the Elven Halls.
             The game lasted 00:37:22 (22520 turns).

spaghetti the Spry (Demonspawn Chaos Knight)       Turns: 22520, Time: 00:37:22

Health: 0/124      AC: 11    Str: 20    XL:     16   Next: 70%
Magic:  14/14      EV:  2    Int: 11    God:    Xom [....*.]
Gold:   790        SH:  0    Dex: 37    Spells: 15/15 levels left

rFire   + . .        z - +8 quick blade "Etzock" {chaos, rF+ Dex+7}
rCold   + . .        (no shield)
rNeg    . . .        b - +3 leather armour
rPois   .            g - +1 hat
rElec   .            v - +2 cloak
rCorr   .            (gloves unavailable)
SInv    .            j - +0 pair of boots
Will    +....        (no amulet)
Stlth   +++          Q - +4 ring of slaying
HPRegen 0.40/turn    H - +9 ring of dexterity
MPRegen 0.14/turn

%: random rage (3%)
@: paralysed, studying Conjurations
A: claws 3, repulsion field 2, foul stench 1, powered by death 2, agile 1, cold
resistance 1, frail 1, strong 2, inability to read after injury 1, persistent
drain, [berserk 1], [low MP 1]
a: Renounce Religion


You were on level 2 of the Elven Halls.
You worshipped Xom.
You were a beloved toy of Xom.
You visited 4 branches of the dungeon, and saw 24 of its levels.
You visited the Abyss 1 time.
You also visited: Sewer, Bailey and Ice Cave.

You collected 2741 gold pieces.
You spent 1951 gold pieces at shops.

Inventory:

Hand Weapons
 z - the +8 quick blade "Etzock" (weapon) {chaos, rF+ Dex+7}
   (Xom gifted it to you on level 11 of the Dungeon)

   Dex+7:     It affects your dexterity (+7).
   rF+:       It protects you from fire.
 B - the +7 dagger "Jomm" {elec, rN+ Str+3 Dex+2 Stlth-}
   (You found it on level 7 of the Dungeon)

   Str+3:     It affects your strength (+3).
   Dex+2:     It affects your dexterity (+2).
   rN+:       It protects you from negative energy.
   Stlth-:    It makes you less stealthy.
 U - the +12 long sword "Miw Nuvup" {freeze, Int+3}
   (You found it on level 1 of the Elven Halls)

   Int+3:     It affects your intelligence (+3).
Missiles
 u - a throwing net (quivered)
 K - 13 curare-tipped darts
 L - 50 boomerangs
 R - 6 javelins
Armour
 b - a +3 leather armour (worn)
 g - a +1 hat (worn)
 j - a +0 pair of boots (worn)
 v - a +2 cloak (worn)
Jewellery
 k - a ring of see invisible
 E - a ring of flight
 H - a +9 ring of dexterity (right claw)
 Q - a +4 ring of slaying (left claw)
 S - a +4 ring of protection
 T - a ring of magical power
 X - a ring of fire
 Y - the ring of Usopt {*Slow rCorr Str+6 Int+6 Stlth-}
   (You found it on level 1 of the Elven Halls)

   [ring of strength]

   Str+6:     It affects your strength (+6).
   Int+6:     It affects your intelligence (+6).
   rCorr:     It protects you from acid and corrosion.
   *Slow:     It may slow you when you take damage.
   Stlth-:    It makes you less stealthy.
Wands
 p - a wand of flame (13)
 t - a wand of mindburst (20)
 w - a wand of roots (25)
 x - a wand of polymorph (9)
 D - a wand of light (3)
 O - a wand of paralysis (3)
Scrolls
 a - a scroll of torment
 d - 4 scrolls of summoning
 e - 6 scrolls of teleportation
 f - 6 scrolls of noise
 h - 3 scrolls of fear
 i - 2 scrolls of enchant weapon
 l - 5 scrolls of blinking
 n - 3 scrolls of immolation
 r - 2 scrolls of silence
 y - 3 scrolls of revelation
 C - 2 scrolls of poison
 G - 4 scrolls of amnesia
 M - 2 scrolls of vulnerability
Potions
 m - 6 potions of enlightenment
 o - a potion of haste
 q - a potion of might
 s - 7 potions of curing
 A - 3 potions of cancellation
 F - a potion of attraction
 I - 2 potions of heal wounds
 N - 2 potions of resistance
 P - a potion of brilliance
 W - a potion of magic
Miscellaneous
 J - a lightning rod (4/4)


   Skills:
 + Level 15.9 Fighting
 - Level 14.0 Short Blades
 - Level 1.7 Armour
 - Level 20.0 Dodging
 - Level 1.3 Stealth
 - Level 10.0 Evocations


You had 15 spell levels left.
You didn't know any spells.
Your spell library contained the following spells:

 Spells                   Type           Power      Damage    Failure   Level
 Foxfire                  Conj/Fire      0%         2x1d4     38%         1
 Freeze                   Ice            0%         1d3       38%         1
 Magic Dart               Conj           0%         1d3       38%         1
 Cigotuvi's Dreadful Rot  Necr/Alch/Air  0%         N/A       52%         2
 Searing Ray              Conj           0%         2d4       52%         2
 Frozen Ramparts          Ice            0%         1d1       77%         3
 Hailstorm                Conj/Ice       0%         3d5       77%         3
 Dispel Undead            Necr           0%         3d6       99%         4
 Fulminant Prism          Conj/Alch      0%         3d5       99%         4
 Leda's Liquefaction      Alch/Erth      0%         N/A       99%         4
 Martyr's Knell           Necr/Summ      0%         N/A       99%         4
 Petrify                  Alch/Erth      0%         N/A       99%         4
 Metabolic Englaciation   Hex/Ice        0%         N/A       100%        5
 Death Channel            Necr           0%         N/A       100%        6
 Plasma Beam              Fire/Air       0%         2x1d10    100%        6
 Starburst                Conj/Fire      0%         6d3       100%        6


Dungeon Overview and Level Annotations

Branches:
Dungeon (15/15)            Temple (0/1) D:6            Lair (5/5) D:9
 Shoals (0/4) Lair:2        Snake (0/4) Lair:3        Slime (0/5) Lair:5
    Orc (2/2) D:12            Elf (2/3) Orc:2        Vaults (0/5) D:13
 Depths (0/4) D:15          Sewer (visited)          Bailey (visited)
  IceCv (visited)

Altars:
Dithmenos
Fedhas
Hepliaklqana
Makhleb
Qazlal
Ru
Trog
Xom
Yredelemnul

Shops:
D:2 =   D:6 [   D:9 [[[((   D:12 [   D:13 :   D:15 ?   Orc:2 (:[*   Elf:2 *?!

Annotations:
D:15 exclusion: oklob plant
Lair:2 3 runed translucent doors, Qeexoa's ghost, journeyman VSFi
Elf:1 1 runed translucent door, LordWeiramon's ghost, adept DsAl


Innate Abilities, Weirdness & Mutations

You have claws for hands.
You are surrounded by a moderate repulsion field. (EV +3)
You may rarely emit foul miasma when damaged in melee.
You regenerate health from kills.
You are agile. (Dex +4, Str/Int -1)
Your flesh is cold resistant. (rC+)
You are frail. (-10% HP)
Your muscles are very strong. (Str +8, Int/Dex -2)
You occasionally lose the ability to read scrolls when taking damage.
Your health recovers twice as slowly from being drained.
[You sometimes lose your temper in combat.]
[Your magical capacity is low. (-10% MP)]


Message History

The deep elf zephyrmancer mumbles some strange words.
The deep elf zephyrmancer blinks!
The deep elf zephyrmancer mumbles some strange words.
The deep elf zephyrmancer blinks!
The +2 long sword of freezing hits you.
You impale the +2 long sword of freezing!!
You barely miss the +2 long sword of freezing.
The +2 long sword of freezing is severely damaged.
The air elemental closely misses you.
You hit the +2 long sword of freezing.
You completely miss the +2 long sword of freezing.
The +2 long sword of freezing is almost destroyed.
The air elemental misses you.
The +2 long sword of freezing barely misses you.
The deep elf zephyrmancer gestures at you while chanting.
The bolt of lightning hits the air elemental.
The air elemental completely resists.
The bolt of lightning misses you.
The deep elf pyromancer completely misses you.
The deep elf zephyrmancer casts a spell at you.
The bolt of lightning misses the +2 long sword of freezing.
The bolt of lightning misses you. x2
The air elemental fires a burst of electricity at you.
The stunning burst hits you!
You suddenly lose the ability to move!
You hear a shout! x8
The air elemental fires a burst of electricity at you.
The stunning burst hits you! The +2 long sword of freezing hits you!
The +2 long sword of freezing freezes you.
The air elemental hits you.
You emit a cloud of foul miasma!
The deep elf pyromancer points at you and mumbles some strange words.
The bolt of fire hits you!! You resist.
The deep elf zephyrmancer gestures at you while chanting.
The bolt of lightning hits the +2 long sword of freezing.
The +2 long sword of freezing completely resists.
The bolt of lightning hits you!!
* * * LOW HITPOINT WARNING * * *
A shower of butterflies erupts from you!
The bolt of lightning hits you!!
* * * LOW HITPOINT WARNING * * *
The +2 long sword of freezing hits you.
You die...
Xom guffaws!

,,,,,,* ###### ##.##..#
,*,****#####*#....########..##...
,,,* *,.....##..........#).)..∩..
,,,* *,.PP..)...#######...#.).)##
,,****,.P∩......#)))..#..####..##
,****,,..P§..?e.#)###.#$.[###....
,,,,,,,.......bb#..∩#.#.$...<....
**,****####§.#b(#####.#..........
***,** *##.##e@bb)..#..........
****,** *#>....E#######...##.....
,,,,*,***........,,,,...e.###....
,,,,,*,**.§....!e*,**...##.######
,,,,,**,........§.***#.####.#####
,,,,,****.e...###.* #.#####.#.##
,,,,,* *,.#.#.,**.# #.######...#
,,,,** *,,....,**,* #.####....<.
,***,***,,,,,,,**,* #.####.<....


You could see a deep elf pyromancer, 2 deep elf zephyrmancers, an air elemental
and a +2 long sword of freezing (weak).

Vanquished Creatures
  Aizul (Elf:1)
  A frost giant (IceCv)
  2 deep elf death magi (Elf:1)
  A deep elf demonologist (Elf:2)
  A dire elephant (Lair:5)
  A spark wasp (D:13)
  2 fire dragons (D:15)
  Snorg (D:14)
  Josephine (D:10)
  3 hydras
  An ogre mage (D:15)
  5 centaur warriors
  3 vault guards (D:13)
  5 boulder beetles
  4 dancing weapons
  5 two-headed ogres
  10 death yaks
  2 tengu warriors (D:15)
  The ghost of dchavez06 the Geomancer, a journeyman SpEE of Vehumet (D:11)
  An occultist (Lair:5)
  A thrashing horror (Abyss:3)
  4 orc high priests
  A hell knight (D:11)
  4 skysharks
  10 deep elf knights
  A skeletal warrior (D:12)
  A wretched star (Abyss:3)
  A sixfirhy (Abyss:3)
  Amaemon (Lair:2)
  A deep troll (Elf:2)
  A large abomination (Abyss:3)
  2 arcanists
  3 orc knights (Orc:2)
  A harpy (Lair:2)
  9 deep elf archers
  Pikel (D:8)
  12 ugly things
  15 deep elf zephyrmancers
  5 manticores
  4 orc sorcerers
  18 deep elf pyromancers
  13 elephants
  2 cyclopes (D:13)
  4 salamanders
  5 black mambas
  A naga mage (Abyss:3)
  9 meliai
  An orange demon (Lair:2)
  3 gargoyles
  An ice statue (IceCv)
  A water nymph (shapeshifter) (D:13)
  8 cane toads
  9 rime drakes
  A kobold demonologist (D:9)
  Jeremiah (D:8)
  A freezing wraith (D:14)
  7 komodo dragons
  3 unseen horrors
  An efreet (D:13)
  4 tengu conjurers
  4 trolls
  A hellwing (Abyss:3)
  6 polar bears
  6 raiju (Abyss:3)
  3 dream sheep (Lair:5)
  A wolf spider simulacrum (D:15)
  A tarantella (shapeshifter) (D:15)
  10 blink frogs
  13 slime creatures
  A centaur simulacrum (D:15)
  A jumping spider (shapeshifter) (Lair:4)
  2 vampires (D:11)
  3 air elementals
  38 yaks
  A ynoxinul (Abyss:3)
  5 wraiths
  A fire bat (IceCv)
  4 basilisks
  8 wyverns
  A steam dragon (Lair:1)
  3 wargs
  A redback (Elf:1)
  11 vampire mosquitoes
  A warg (shapeshifter) (D:12)
  A hog (shapeshifter) (D:14)
  A chaos spawn (Abyss:3)
  A neqoxec (Abyss:3)
  4 acid dragons
  2 nagas (Abyss:3)
  16 water moccasins
  28 orc warriors
  2 sky beasts (D:7)
  10 laughing skulls
  20 wolves
  7 centaurs
  7 ogres
  9 kobold brigands
  2 lemures (D:8)
  2 earth elementals (Elf:1)
  A small abomination (Abyss:3)
  16 bullfrogs
  2 gnoll sergeants
  A scorpion (D:6)
  8 wights (D:8)
  4 killer bees (D:10)
  7 howler monkeys
  4 lava snakes
  2 gnoll boudas
  10 orc priests
  3 jellies
  5 hounds
  6 hell rats (Lair:1)
  2 iguanas
  A sleepcap (D:5)
  23 orc wizards
  24 gnolls
  11 adders
  4 white imps
  10 dart slugs
  64 orcs
  6 bats
  10 endoplasms
  15 giant cockroaches
  12 goblins
  6 hobgoblins
  2 jackals (D:3)
  8 quokkas
  8 ball pythons
  7 frilled lizards
  45 kobolds
  7 rats
794 creatures vanquished.

Vanquished Creatures (collateral kills)
  An orc warlord (Orc:2)
  A two-headed ogre (D:11)
  2 dancing weapons (Elf:2)
  2 orc high priests (Orc:2)
  A deep elf knight (Elf:2)
  2 deep elf archers (Elf:2)
  A deep elf pyromancer (Elf:2)
  An orc sorcerer (Orc:2)
  A guardian serpent (Abyss:3)
  A troll (D:7)
  2 yaks (D:10)
  3 orc warriors
  An ice beast (D:7)
  A tengu (shapeshifter) (D:7)
  A kobold brigand (D:9)
  A gnoll sergeant (D:7)
  Jessica (D:2)
  An orc wizard (Orc:2)
  A gnoll (D:7)
  9 orcs
  A giant cockroach (D:4)
  A kobold (D:9)
36 creatures vanquished.

Vanquished Creatures (others)
  A thrashing horror (Abyss:3)
  A naga mage (Abyss:3)
  A komodo dragon (D:9)
  A wraith (D:10)
  A bullfrog zombie (Lair:4)
  A gnoll bouda (D:10)
  An orc wizard (Orc:2)
  A naga zombie (Abyss:3)
  A dart slug (Sewer)
  An endoplasm (Sewer)
  2 frilled lizards (Sewer)
12 creatures vanquished.

Grand Total: 842 creatures vanquished

Notes
Turn   | Place    | Note
-------+----------+-------------------------------------------
     0 | D:1      | spaghetti the Demonspawn Chaos Knight began the quest for
                  | the Orb.
     0 | D:1      | Reached XP level 1. HP: 18/18 MP: 1/1
   159 | D:1      | Reached skill level 1 in Stealth
   356 | D:1      | Identified a scroll of acquirement
   356 | D:1      | Acquired a manual of Short Blades
   376 | D:1      | XOM: silly message
   403 | D:1      | Gained mutation: You are surrounded by a mild repulsion
                  | field. (EV +2) [demonic ancestry]
   403 | D:1      | Reached XP level 2. HP: 24/24 MP: 2/2
   440 | D:1      | XOM: divination: magic mapping
  1007 | D:2      | Found Halyrunk's One-of-a-Kind Rings.
  1082 | D:2      | XOM: scenery: 1 doors open
  1084 | D:2      | Found a stormy altar of Qazlal.
  1141 | D:2      | Noticed Jessica
  1151 | D:2      | Killed Jessica
  1152 | D:2      | Reached XP level 3. HP: 15/29 MP: 3/3
  1264 | D:2      | Reached skill level 5 in Short Blades
  1352 | D:2      | Reached XP level 4. HP: 25/35 MP: 4/4
  1744 | D:2      | XOM: give mutations
  1744 | D:2      | Gained mutation: You expend magic power (3 MP) to
                  | strengthen your wands. [Xom's grace]
  1744 | D:2      | Gained mutation: You passively map a small area around you.
                  | [Xom's grace]
  1744 | D:2      | Gained mutation: You have hidden genetic potential. [Xom's
                  | grace]
  1744 | D:2      | Gained mutation: A frigid envelope surrounds you and
                  | freezes all who hurt you. [Xom's grace]
  1927 | D:3      | Found a glowing drain.
  1950 | Sewer    | Entered a sewer
  1998 | Sewer    | XOM: potion effect (brilliance)
  2155 | Sewer    | Reached XP level 5. HP: 17/41 MP: 5/5
  2283 | Sewer    | XOM is BORED!
  2283 | Sewer    | XOM: give mutation
  2283 | Sewer    | Gained mutation: You are clumsy. (Dex -2) [Xom's mischief]
  2290 | Sewer    | Gained mutation: You are robust. (+10% HP) [hidden
                  | potential]
  2378 | Sewer    | XOM: destruction
  2475 | D:3      | Noticed an ogre
  2488 | D:3      | Killed an ogre
  2489 | D:3      | Gained mutation: You regenerate a little health from kills.
                  | [demonic ancestry]
  2489 | D:3      | Reached XP level 6. HP: 41/51 MP: 6/6
  2504 | D:3      | Gained mutation: Your flesh is cold resistant. (rC+)
                  | [hidden potential]
  2504 | D:3      | Lost mutation: You have hidden genetic potential. [hidden
                  | potential expressed]
  2533 | D:3      | Found a bloodstained altar of Trog.
  2628 | D:3      | XOM: 1-stop teleportation journey
  3138 | D:4      | Lost mutation: You expend magic power (3 MP) to strengthen
                  | your wands. [potion of mutation]
  3138 | D:4      | Lost mutation: You are clumsy. (Dex -2) [potion of
                  | mutation]
  3138 | D:4      | Lost mutation: You are robust. (+10% HP) [potion of
                  | mutation]
  3138 | D:4      | Lost mutation: You passively map a small area around you.
                  | [potion of mutation]
  3173 | D:4      | XOM: summons 4 friendly demons
  3271 | D:4      | XOM: silly message
  3419 | D:4      | XOM: confuse monster(s)
  3423 | D:4      | Gained mutation: You have sharp fingernails. [demonic
                  | ancestry]
  3423 | D:4      | Reached XP level 7. HP: 52/52 MP: 7/7
  3581 | D:4      | XOM: scenery: 1 doors open
  3879 | D:5      | Entered Level 5 of the Dungeon
  3885 | D:5      | XOM: divination: magic mapping
  3887 | D:5      | Reached skill level 10 in Short Blades
  3887 | D:5      | Reached skill level 1 in Dodging
  3974 | D:5      | Reached skill level 2 in Dodging
  3983 | D:5      | XOM: god gift: wand of mindburst (5)
  4041 | D:5      | XOM: destruction
  4052 | D:5      | Reached skill level 3 in Dodging
  4271 | D:5      | Reached skill level 1 in Evocations
  4317 | D:5      | XOM: cloud trail
  4413 | D:5      | XOM: summons 4 hostile shadow creatures
  4550 | D:6      | Found a staircase to the Ecumenical Temple.
  4755 | D:6      | Reached XP level 8. HP: 58/58 MP: 8/8
  4803 | D:6      | Found a transporter.
  4807 | D:6      | Found Racimoju's Antique Armour Emporium.
  4892 | D:6      | XOM: noise
  4931 | D:6      | Found a transporter.
  5004 | D:6      | Found a sacrificial altar of Ru.
  5114 | D:6      | Bought a pair of gloves for 121 gold pieces
  5146 | D:7      | a kobold brigand changed into a glowing shapeshifter
  5146 | D:7      | Noticed a glowing shapeshifter (glowing shapeshifter)
  5146 | D:7      | XOM: polymorph kobold brigand -> glowing shapeshifter
  5146 | D:7      | a glowing shapeshifter changed into a wyvern
  5154 | D:7      | XOM: summons 8 friendly demons
  5162 | D:7      | Reached skill level 5 in Evocations
  5215 | D:7      | XOM: summons friendly rust devil
  5414 | D:7      | Identified the +7 dagger "Jomm" {elec, rN+ Str+3 Dex+2
                  | Stlth-}
  5416 | D:7      | Noticed a troll
  5421 | D:7      | Killed a troll
  5437 | D:7      | Reached XP level 9. HP: 36/63 MP: 9/9
  5514 | D:7      | XOM: fog
  5775 | D:7      | XOM: god gift: wand of light (4)
  5822 | D:7      | XOM: 2-stop teleportation journey
  6124 | D:8      | Reached skill level 10 in Evocations
  6323 | D:8      | XOM: give mutation
  6323 | D:8      | Gained mutation: Your flesh is very cold resistant. (rC++)
                  | [Xom's mischief]
  6410 | D:8      | Noticed Pikel
  6419 | D:8      | XOM: summons friendly crimson imp
  6422 | D:8      | Killed Pikel
  6423 | D:8      | Reached skill level 5 in Fighting
  6727 | D:8      | Noticed Jeremiah
  6731 | D:8      | Killed Jeremiah
  6777 | D:8      | Found a basalt altar of Yredelemnul.
  6848 | D:8      | Gained mutation: You regenerate health from kills. [demonic
                  | ancestry]
  6848 | D:8      | Reached XP level 10. HP: 77/77 MP: 10/10
  7018 | D:8      | XOM: summons 2 hostile shadow creatures
  7118 | D:8      | XOM: divination: detect creatures
  7230 | D:9      | Found Ziubruhe's Antique Weapon Boutique.
  7234 | D:9      | Bought a glowing rapier for 189 gold pieces
  7248 | D:9      | XOM: summons friendly white imp
  7273 | D:9      | Found Haliowargh's Antique Armour Shop.
  7327 | D:9      | Found Plog's Armour Emporium.
  7343 | D:9      | Found Upnywo's Armour Emporium.
  7399 | D:9      | Found a flagged portal.
  7487 | Bailey   | XOM: stealth player
  7487 | Bailey   | Entered a bailey
  7542 | Bailey   | XOM: confuse monster(s)
  7583 | Bailey   | Found an iron altar of Okawaru.
  7584 | Bailey   | XOM: confuse monster(s)
  7669 | Bailey   | XOM: god gift: scroll labelled DOTOCV ANASAITS {god gift}
  7829 | D:9      | Found a shadowy altar of Dithmenos.
  7882 | D:9      | XOM: divine lightning
  7951 | D:9      | XOM: give mutations
  7951 | D:9      | Gained mutation: You are strong-willed. (Will+) [Xom's
                  | grace]
  7951 | D:9      | Gained mutation: You have a pair of small horns on your
                  | head. [Xom's grace]
  7951 | D:9      | Gained mutation: You have very sharp fingernails. [Xom's
                  | grace]
  7951 | D:9      | Gained mutation: Your system is resistant to poisons.
                  | (rPois) [Xom's grace]
  8023 | D:9      | Found Imegauza's Antique Weapon Boutique.
  8034 | D:9      | Found a staircase to the Lair.
  8189 | D:9      | Bought a +0 pair of gloves of dexterity for 115 gold pieces
  8229 | D:9      | Bought a pair of boots for 139 gold pieces
  8229 | D:9      | Bought an encrusted robe for 176 gold pieces
  8229 | D:9      | Identified the +0 robe of the Unseen Realm {rC++ Str+4
                  | Dex-2} (You bought it in a shop on level 9 of the Dungeon)
  8270 | D:10     | Entered Level 10 of the Dungeon
  8290 | D:10     | XOM: summons friendly shadow imp
  8293 | D:10     | XOM: summons 2 friendly demons
  8296 | D:10     | XOM: scenery: 2 doors open
  8303 | D:10     | Reached skill level 10 in Fighting
  8309 | D:10     | Reached skill level 4 in Dodging
  8317 | D:10     | Identified the serpent talisman "Siwyamuf" {rN+}
  8341 | D:10     | XOM: fog
  8342 | D:10     | XOM: cleaving
  8351 | D:10     | Reached skill level 5 in Dodging
  8361 | D:10     | XOM: cast spell 'Alistair's Intoxication'
  8363 | D:10     | XOM: cleaving
  8368 | D:10     | Reached skill level 6 in Dodging
  8425 | D:10     | Gained mutation: You may rarely emit foul miasma when
                  | damaged in melee. [demonic ancestry]
  8425 | D:10     | Reached XP level 11. HP: 90/90 MP: 11/11
  8505 | D:10     | Noticed a deep elf pyromancer
  8510 | D:10     | Killed a deep elf pyromancer
  8517 | D:10     | XOM: scenery: summon butterflies
  8526 | D:10     | Noticed Josephine
  8532 | D:10     | Reached skill level 7 in Dodging
  8547 | D:10     | Killed Josephine
  8547 | D:10     | Noticed a two-headed ogre
  8548 | D:10     | Reached skill level 8 in Dodging
  8557 | D:10     | Noticed a two-headed ogre
  8565 | D:10     | Killed a two-headed ogre
  8569 | D:10     | Killed a two-headed ogre
  8569 | D:10     | XOM: enchant monster (bad)
  8570 | D:10     | Reached skill level 9 in Dodging
  8774 | D:10     | XOM: polymorph gnoll sergeant -> bat
  8846 | D:10     | XOM: 5-stop teleportation journey
  9035 | D:11     | Noticed dchavez06's ghost (journeyman SpEE)
  9036 | D:11     | Found a runed translucent door.
  9036 | D:11     | Noticed a hell knight
  9049 | D:11     | XOM: confuse monster(s)
  9053 | D:11     | Reached skill level 10 in Dodging
  9152 | D:11     | Identified the +1 robe of Forking Paths {rF+}
  9303 | D:11     | XOM: butterfly on damage
  9481 | D:11     | Noticed a two-headed ogre
  9486 | D:11     | XOM: summons friendly quasit
  9493 | D:11     | Killed a two-headed ogre
  9809 | D:11     | Identified the +8 quick blade "Etzock" {pain, rF+ Dex+7}
                  | (Xom gifted it to you on level 11 of the Dungeon)
  9809 | D:11     | XOM: god gift: +8 quick blade "Etzock" {chaos, rF+ Dex+7}
  9960 | D:12     | Found a staircase to the Orcish Mines.
  9972 | D:12     | Found Ronga's Armour Boutique.
  9972 | D:12     | XOM: 4-stop teleportation journey
 10038 | D:12     | Noticed a deep elf zephyrmancer
 10040 | D:12     | Noticed a skeletal warrior
 10055 | D:12     | Killed a deep elf zephyrmancer
 10080 | D:12     | XOM: summons friendly shadow imp
 10083 | D:12     | Killed a skeletal warrior
 10084 | D:12     | Mutation became permanent: You have sharp fingernails.
                  | [demonic ancestry]
 10084 | D:12     | Gained mutation: You have very sharp fingernails. [demonic
                  | ancestry]
 10084 | D:12     | Reached XP level 12. HP: 97/97 MP: 12/12
 10437 | D:12     | Noticed a boulder beetle
 10450 | D:12     | XOM: summons 8 friendly demons
 10451 | D:12     | XOM: butterfly on damage
 10457 | D:12     | Killed a boulder beetle
 10493 | D:12     | Noticed a boulder beetle
 10504 | D:12     | XOM: potion effect (brilliance)
 10507 | D:12     | Killed a boulder beetle
 10525 | D:12     | Noticed a centaur warrior
 10525 | D:12     | XOM: blink monster(s)
 10526 | D:12     | Noticed a four-headed hydra
 10534 | D:12     | XOM: summons friendly quasit
 10535 | D:12     | XOM: chaos upgrade
 10537 | D:12     | Killed a centaur warrior
 10565 | D:12     | Killed a four-headed hydra
 10758 | D:13     | Noticed a boulder beetle
 10764 | D:13     | Killed a boulder beetle
 10848 | D:13     | Noticed a seven-headed hydra
 10853 | D:13     | a seven-headed hydra changed into a glowing shapeshifter
 10853 | D:13     | XOM: polymorph seven-headed hydra -> glowing shapeshifter
 10928 | D:13     | XOM: summons 3 friendly demons
 10930 | D:13     | a cyclops changed into a spark wasp
 10930 | D:13     | Noticed a spark wasp
 10930 | D:13     | XOM: polymorph cyclops -> spark wasp
 10933 | D:13     | Killed a spark wasp
 10939 | D:13     | Found a gate to the Vaults.
 10939 | D:13     | Noticed a centaur warrior
 10939 | D:13     | Noticed a two-headed ogre
 10939 | D:13     | Noticed a vault guard
 10939 | D:13     | Noticed a vault guard
 10939 | D:13     | Noticed a vault guard
 10939 | D:13     | Noticed a vault guard
 10983 | D:11     | XOM: give mutations
 10983 | D:11     | Gained mutation: You occasionally lose the ability to drink
                  | potions when taking damage. [Xom's mischief]
 10983 | D:11     | Lost mutation: Your system is resistant to poisons. (rPois)
                  | [Xom's mischief]
 10983 | D:11     | Lost mutation: You are strong-willed. (Will+) [Xom's
                  | mischief]
 10983 | D:11     | Gained mutation: You are dopey. (Int -2) [Xom's mischief]
 11044 | Lair:1   | Entered Level 1 of the Lair of Beasts
 11081 | Lair:1   | XOM: smoke on damage
 11087 | Lair:1   | XOM: chaos cloud
 11095 | Lair:1   | XOM: 1-stop teleportation journey
 11114 | Lair:1   | XOM: 2-stop teleportation journey
 11128 | Lair:1   | Reached XP level 13. HP: 107/107 MP: 13/13
 11744 | Lair:1   | XOM: give mutations
 11744 | Lair:1   | Gained mutation: You expend magic power (3 MP) to
                  | strengthen your wands. [Xom's mischief]
 11744 | Lair:1   | Gained mutation: Your muscles are strong. (Str +4, Int/Dex
                  | -1) [Xom's mischief]
 11812 | Lair:2   | Found a staircase to the Shoals.
 11853 | Lair:2   | Noticed Qeexoa's ghost (journeyman VSFi)
 11863 | Lair:2   | Found a runed translucent gate.
 11864 | Lair:2   | Found a runed translucent gate.
 11897 | Lair:2   | XOM: noise
 11950 | Lair:2   | Found a runed translucent gate.
 12101 | Lair:2   | XOM: divination: detect creatures
 12111 | Lair:2   | XOM: noise
 12191 | Lair:2   | XOM: enchant monster (good)
 12215 | Lair:2   | Noticed Amaemon
 12217 | Lair:2   | XOM: scenery: 1 doors open, 1 doors close
 12227 | Lair:2   | Killed Amaemon
 12619 | Lair:2   | XOM: cloud trail
 12622 | Lair:2   | XOM: god gift: staff of fire
 12782 | Lair:3   | XOM: cast spell 'Olgreb's Toxic Radiance'
 12885 | Lair:3   | Found a staircase to the Snake Pit.
 12945 | Lair:3   | XOM: scenery: summon butterflies
 13027 | Lair:3   | Lost mutation: A frigid envelope surrounds you and freezes
                  | all who hurt you. [potion of mutation]
 13027 | Lair:3   | Lost mutation: Your flesh is very cold resistant. (rC++)
                  | [potion of mutation]
 13027 | Lair:3   | Lost mutation: You occasionally lose the ability to drink
                  | potions when taking damage. [potion of mutation]
 13027 | Lair:3   | Gained mutation: You are frail. (-10% HP) [potion of
                  | mutation]
 13027 | Lair:3   | Gained mutation: Your flesh is heat resistant. (rF+)
                  | [potion of mutation]
 13060 | Lair:3   | Found a frozen archway.
 13101 | Lair:3   | XOM: stat loss: -1 Int (10/11)
 13334 | Lair:3   | XOM: give mutations
 13334 | Lair:3   | Lost mutation: Your flesh is cold resistant. (rC+) [Xom's
                  | mischief]
 13334 | Lair:3   | Lost mutation: You expend magic power (3 MP) to strengthen
                  | your wands. [Xom's mischief]
 13516 | IceCv    | Entered an ice cave
 13552 | IceCv    | Reached skill level 11 in Dodging
 13824 | IceCv    | Reached skill level 12 in Dodging
 13871 | IceCv    | Noticed a frost giant
 13871 | IceCv    | XOM: smoke on damage
 13889 | IceCv    | Killed a frost giant
 13898 | IceCv    | XOM: enchant monster (bad)
 13918 | IceCv    | XOM: silly message
 14015 | IceCv    | XOM: summons 2 hostile demons
 14238 | Lair:4   | XOM: divination: detect items
 14247 | Lair:4   | XOM: potion effect (might)
 14294 | Lair:4   | XOM: potion effect (attraction)
 14296 | Lair:4   | Reached skill level 13 in Dodging
 14296 | Lair:4   | Gained mutation: You have claws for hands. [demonic
                  | ancestry]
 14296 | Lair:4   | Reached XP level 14. HP: 106/108 MP: 14/14
 14798 | Lair:4   | XOM: chaos cloud
 14799 | Lair:4   | XOM: polymorph elephant -> shapeshifter
 14926 | Lair:5   | Entered Level 5 of the Lair of Beasts
 14931 | Lair:5   | XOM: 1-stop teleportation journey
 14932 | Lair:5   | XOM: 1-stop teleportation journey
 15117 | Lair:5   | XOM: summons friendly ufetubus
 15135 | Lair:5   | XOM: enchant monster (bad)
 15196 | Lair:5   | Reached skill level 14 in Dodging
 15233 | Lair:5   | XOM: 2-stop teleportation journey
 15338 | Lair:5   | XOM: potion effect (brilliance)
 15433 | Lair:5   | Found a staircase to the Slime Pits.
 15518 | Lair:5   | XOM: enchant monster (bad)
 15641 | Lair:5   | XOM: divination: magic mapping
 15663 | Lair:5   | Reached skill level 15 in Dodging
 15698 | Lair:5   | XOM: scenery: summon butterflies
 15730 | Lair:5   | XOM: scenery: 1 doors open, 1 doors close
 15730 | Lair:5   | Found a burning altar of Makhleb.
 15734 | Lair:5   | XOM: divination: detect items
 15954 | Lair:5   | XOM: scenery: 1 doors close
 15960 | Lair:5   | XOM: scenery: create altars
 16024 | Lair:2   | XOM: give mutations
 16024 | Lair:2   | Gained mutation: Your muscles are very strong. (Str +8,
                  | Int/Dex -2) [Xom's grace]
 16024 | Lair:2   | Gained mutation: You are partially covered in large bone
                  | plates. (SH +4) [Xom's grace]
 16193 | D:2      | Bought a +9 ring of dexterity for 936 gold pieces
 16469 | D:8      | XOM: scenery: create altars
 16609 | D:11     | XOM: butterfly on damage
 16610 | D:11     | XOM: potion effect (brilliance)
 16611 | D:11     | XOM: divination: magic mapping
 16619 | D:11     | XOM: divination: detect items
 16621 | D:11     | Killed dchavez06's ghost
 16630 | D:11     | Lost mutation: You are dopey. (Int -2) [potion of mutation]
 16630 | D:11     | Lost mutation: You are partially covered in large bone
                  | plates. (SH +4) [potion of mutation]
 16630 | D:11     | Lost mutation: Your flesh is heat resistant. (rF+) [potion
                  | of mutation]
 16630 | D:11     | Gained mutation: Your flesh is cold resistant. (rC+)
                  | [potion of mutation]
 16630 | D:11     | Gained mutation: You passively dampen the noise of your
                  | surroundings. [potion of mutation]
 16630 | D:11     | Gained mutation: You have sharp toenails. [potion of
                  | mutation]
 16742 | D:13     | XOM: silly message
 16837 | D:13     | XOM: god gift: pair of runed gloves {god gift}
 17015 | D:13     | Found Melara's Tremendous Tomes.
 17208 | D:13     | XOM: polymorph vault guard -> skyshark
 17217 | D:13     | Reached skill level 16 in Dodging
 17530 | D:13     | XOM: divination: detect creatures
 17595 | D:13     | XOM: silly message
 17738 | D:14     | XOM: fake destruction
 17765 | D:14     | XOM: noise
 17770 | D:14     | XOM: confuse monster(s)
 17772 | D:14     | XOM: divination: detect creatures
 17777 | D:14     | Reached XP level 15. HP: 113/113 MP: 15/15
 17784 | D:14     | XOM: fog
 17831 | D:14     | Found a hazy altar of Hepliaklqana.
 17901 | D:14     | XOM: cleaving
 18062 | D:14     | Noticed Snorg
 18070 | D:14     | Killed Snorg
 18339 | D:15     | Entered Level 15 of the Dungeon
 18358 | D:15     | Reached skill level 17 in Dodging
 18412 | D:15     | Found Naqemnog's Magic Scroll Boutique.
 18437 | D:15     | Found a blossoming altar of Fedhas.
 18503 | D:15     | XOM: give mutation
 18503 | D:15     | Gained mutation: Your health recovers twice as slowly from
                  | being drained. [Xom's mischief]
 18570 | D:15     | XOM: potion effect (curing)
 18667 | D:15     | XOM: blink monster(s)
 18682 | D:15     | XOM: confusion
 18687 | D:15     | XOM: enchant monster (bad)
 19004 | D:15     | XOM: summons 2 hostile shadow creatures
 19098 | D:15     | Found a staircase to the Depths.
 19374 | Orc:1    | Entered Level 1 of the Orcish Mines
 19385 | Orc:1    | XOM: fog
 19459 | Orc:2    | Entered Level 2 of the Orcish Mines
 19459 | Orc:2    | Found a staircase to the Elven Halls.
 19589 | Orc:2    | Reached skill level 18 in Dodging
 19590 | Orc:2    | XOM: confuse monster(s)
 19633 | Orc:2    | XOM: summons 2 friendly demons
 19634 | Orc:2    | XOM: divination: magic mapping
 19654 | Orc:2    | XOM: blink monster(s)
 19655 | Orc:2    | XOM: divination: detect creatures
 19661 | Orc:2    | XOM: confuse monster(s)
 19677 | Orc:2    | XOM: polymorph orc -> quokka
 19688 | Orc:2    | XOM: cast spell 'Summon Small Mammal'
 19761 | Orc:2    | XOM: cloud trail
 19877 | Orc:2    | Found Readdi's General Store.
 19878 | Orc:2    | Found Aduteh's Book Boutique.
 19880 | Orc:2    | Found Vesh's Antique Armour Boutique.
 19880 | Orc:2    | Found Doavvutu's Antique Weapon Shop.
 19897 | Orc:2    | Bought a scroll of teleportation for 30 gold pieces
 19897 | Orc:2    | Bought a scroll of teleportation for 30 gold pieces
 19897 | Orc:2    | Bought a potion of mutation for 80 gold pieces
 19920 | Orc:2    | XOM: noise
 20077 | Orc:1    | XOM: cast spell 'Metabolic Englaciation'
 20094 | Orc:1    | Found Fuesese's Gadget Gallery.
 20175 | Orc:1    | XOM: potion effect (invisibility)
 20210 | Orc:1    | XOM: 8-stop teleportation journey
 20479 | Elf:1    | XOM: noise
 20479 | Elf:1    | Entered Level 1 of the Elven Halls
 20618 | Elf:1    | Reached skill level 19 in Dodging
 20619 | Elf:1    | XOM: noise
 20634 | Elf:1    | XOM: smoke on damage
 20635 | Elf:1    | XOM: blink monster(s)
 20636 | Elf:1    | XOM: butterfly on damage
 20640 | Elf:1    | XOM: destruction
 20646 | Elf:1    | Gained mutation: You are surrounded by a moderate repulsion
                  | field. (EV +3) [demonic ancestry]
 20646 | Elf:1    | Reached XP level 16. HP: 67/119 MP: 16/16
 20650 | Elf:1    | Identified the +12 long sword "Miw Nuvup" {freeze, Int+3}
 20715 | Elf:1    | Identified the ring of Usopt {*Slow rCorr Str+6 Int+6
                  | Stlth-}
 20793 | Elf:1    | XOM: blink monster(s)
 20794 | Elf:1    | XOM: give mutations
 20794 | Elf:1    | Gained mutation: You occasionally shout uncontrollably at
                  | your foes. [Xom's mischief]
 20794 | Elf:1    | Gained mutation: Your skin changes colour to match your
                  | surroundings (Stealth+). [Xom's mischief]
 20794 | Elf:1    | Gained mutation: You are dopey. (Int -2) [Xom's mischief]
 20794 | Elf:1    | Gained mutation: You are very frail. (-20% HP) [Xom's
                  | mischief]
 20796 | Elf:1    | Lost mutation: Your skin changes colour to match your
                  | surroundings (Stealth+). [potion of mutation]
 20796 | Elf:1    | Lost mutation: You occasionally shout uncontrollably at
                  | your foes. [potion of mutation]
 20796 | Elf:1    | Gained mutation: You occasionally lose the ability to read
                  | scrolls when taking damage. [potion of mutation]
 20796 | Elf:1    | Lost mutation: You have sharp toenails. [potion of
                  | mutation]
 20797 | Elf:1    | Lost mutation: You are dopey. (Int -2) [potion of mutation]
 20797 | Elf:1    | Lost mutation: You passively dampen the noise of your
                  | surroundings. [potion of mutation]
 20797 | Elf:1    | Lost mutation: You are very frail. (-20% HP) [potion of
                  | mutation]
 20797 | Elf:1    | Lost mutation: You have a pair of small horns on your head.
                  | [potion of mutation]
 20797 | Elf:1    | Gained mutation: You are agile. (Dex +4, Str/Int -1)
                  | [potion of mutation]
 21048 | Elf:1    | Identified the serpent talisman of Ydoluelu {rElec rN+++
                  | Str-4}
 21048 | Elf:1    | Noticed Aizul
 21057 | Elf:1    | Killed Aizul
 21072 | Elf:1    | XOM: 1-stop teleportation journey
 21082 | Elf:1    | XOM: divination: magic mapping
 21097 | Elf:1    | XOM: noise
 21112 | Elf:1    | XOM: summons 6 friendly demons
 21122 | Elf:1    | XOM: enchant monster (bad)
 21122 | Elf:1    | Paralysed by an air elemental for 1 turns
 21327 | Elf:1    | Found a runed translucent door.
 21648 | Elf:1    | Found a shimmering altar of Xom.
 21648 | Elf:1    | Noticed LordWeiramon's ghost (adept DsAl)
 21763 | Elf:2    | Noticed a Brimstone Fiend
 21903 | Elf:2    | Found Dyl Biudgh's Distillery.
 21911 | Elf:2    | XOM: stat loss: -1 Dex (36/37)
 21919 | Elf:2    | XOM: confusion
 21922 | Elf:2    | XOM: silly message
 21923 | Elf:2    | XOM: stat loss: -1 Int (10/11)
 21944 | Elf:2    | Bought a potion of curing for 45 gold pieces
 21944 | Elf:2    | Bought a potion of curing for 45 gold pieces
 21944 | Elf:2    | Bought a potion of curing for 45 gold pieces
 21966 | Elf:2    | Found Dipock's Assorted Antiques.
 21980 | Elf:2    | XOM: summons 4 friendly demons
 21983 | Elf:2    | XOM: polymorph deep elf pyromancer -> merfolk
 21984 | Elf:2    | Reached skill level 15 in Fighting
 21985 | Abyss:3  | Cast into level 3 of the Abyss (a deep elf demonologist)
 22060 | Abyss:3  | XOM: cloud trail
 22067 | Abyss:3  | XOM: destruction
 22074 | Abyss:3  | XOM: summons 9 hostile demons
 22089 | Abyss:3  | XOM: confusion (+ monsters)
 22099 | Abyss:3  | XOM: polymorph apocalypse crab -> ynoxinul
 22105 | Abyss:3  | Found a corrupted altar of Lugonu.
 22129 | Abyss:3  | XOM: repel stairs
 22133 | Abyss:3  | XOM: blink monster(s)
 22141 | Abyss:3  | XOM: destruction
 22190 | Abyss:3  | Found a corrupted altar of Lugonu.
 22202 | Abyss:3  | Noticed a lich
 22266 | Abyss:3  | XOM: repel stairs
 22293 | Abyss:4  | Found a corrupted altar of Lugonu.
 22293 | Abyss:4  | Found a shadowy altar of Dithmenos.
 22295 | Abyss:4  | Reached skill level 20 in Dodging
 22303 | Abyss:4  | XOM: god gift: 9 stones
 22304 | Elf:2    | Escaped the Abyss
 22310 | Elf:2    | Noticed an Ice Fiend
 22323 | Elf:2    | XOM: summons 2 friendly demons
 22330 | Elf:2    | Found Jocsat's Magic Scroll Emporium.
 22362 | Elf:2    | XOM: cleaving
 22519 | Elf:2    | Paralysed by an air elemental for 1 turns
 22520 | Elf:2    | XOM: butterfly on damage
 22520 | Elf:2    | HP: 2/124 [deep elf zephyrmancer/bolt of lightning (30)]
 22520 | Elf:2    | Slain by a +2 long sword of freezing

Illustrated notes

Levels and vault maps discovered:
D:1:      sevenhm_arrival_forest_fort_small_3, layout_basic
D:2:      layout_basic, serial_glass, glass_columns_b, glass_columns_a,
          feat_on_display, minmay_strange_pillars, item_on_display_a,
          minmay_strange_pillars, basic_altar, nicolae_shop_unique_rings,
          minmay_vboxes, uniq_jessica
D:3:      layout_loops_ring, general_overflow_altar, portal_sewer_entry_f,
          minmay_splitting_lines, kennysheep_small_spiral
D:4:      layout_basic, nicolae_figureground_sparkle
D:5:      layout_rooms, kennysheep_big_empty_room
D:6:      layout_basic, mainiacjoe_overflow_24_doors, minmay_temple_entry_hall,
          serial_shops, nicolae_shop_drivethru, minmay_crystal_room,
          minmay_misc_feat_rows, serial_library_regret_index_headful
D:7:      layout_cave_pools, minmay_chambers_of_fives
D:8:      layout_basic, marbit_many_paths, mainiacjoe_overflow_alcove_4,
          uniq_pikel, uniq_jeremiah
D:9:      layout_irregular_city, mainiacjoe_overflow_big_doors,
          david_lair_shrubbed, serial_shops, shop, shop, shop,
          nicolae_shop_just_a_little_nook, shop, lightli_bailey_entry_fortress,
          nicolae_elevator_lobby_plus
D:10:     minmay_four_partial_circles, layout_irregular_city, uniq_josephine
D:11:     layout_basic, ebering_ghost_inner_flame
D:12:     minmay_chambers_of_sixes, layout_rooms, minmay_orc_entry_temple_small,
          serial_shops, shop, grunt_tough_drop
D:13:     layout_basic, lightli_vaults_fourway_checkpoint,
          chequers_serial_rivers_marsh, nicolae_shop_i_like_big_books
D:14:     layout_big_octagon, nzn_hepliaklqana_mist_gate, nicolae_sextant,
          uniq_snorg
D:15:     grunt_enter_depths_hoard, layout_irregular_city,
          dreamdust_mushroom_princess, serial_shops, shop, tgw_fedhas
Lair:1:   layout_concentric_octagons, lemuel_fruit_tree
Lair:2:   layout_regular_city, nicolae_shoals_entry_roost,
          gammafunk_ghost_split, grunt_forest_stairs_basic, uniq_amaemon
Lair:3:   layout_regular_city, nicolae_snake_entry_warm_welcome,
          portal_ice_cave_entry_pillars_2
Lair:4:   layout_loops_ring
Lair:5:   evil_forest, layout_cave_pods, dpeg_slime_entry_enclosed,
          serial_rivers, chequers_serial_rivers_micro_c,
          chequers_serial_rivers_room_a, chequers_serial_rivers_micro_d,
          chequers_serial_rivers_small_a, chequers_serial_rivers_micro_c
Orc:1:    layout_diamond_mine, basic_altar, nicolae_shop_gadgets
Orc:2:    st_orc_congregation, layout_caves
Elf:1:    eino_elf_arrival_customs, layout_geoelf_octagon, ebering_ghost_xom,
          minmay_elf_crystal_heptagon, uniq_aizul
Elf:2:    elven_hall_of_blades_hangedman_original [nooodl_blade_entry_preview],
          layout_rooms, serial_shops, bzr_entry_customers,
          nicolae_shop_overgrown_old_shop, nicolae_shop_trees,
          nicolae_shop_rolled_up, nicolae_square_shop,
          monkooky_shop_alliterative

Skill      XL: |  1  2  3  4  5  6  7  8  9 10 11 12 13 14 15 16 |
---------------+-------------------------------------------------+-----
Stealth        | 1 |  1.3
Short Blades   | 3 4 5 6 8 9 10 14 | 14.0
Dodging        | 3 6 10 13 16 19 20 | 20.0
Evocations     | 3 8 10 | 10.0
Fighting       | 6 10 11 14 15 | 15.9
Armour         | |  1.7

Action                     |  1- 3 |  4- 6 |  7- 9 | 10-12 | 13-15 | 16-18 || total
---------------------------+-------+-------+-------+-------+-------+-------++-------
  Melee: Short sword       |    25 |       |       |       |       |       ||    25
         Dagger            |    65 |   207 |   368 |   420 |       |       ||  1060
         Punch             |       |     4 |     4 |    12 |    25 |     8 ||    53
         Headbutt          |       |       |       |   141 |   508 |    10 ||   659
         Quick blade       |       |       |       |   275 |  1579 |   507 ||  2361
  Throw: Throwing net      |       |       |       |     2 |     2 |       ||     4
  Evoke: Lightning rod     |       |       |       |       |     4 |       ||     4
         Wand              |       |       |       |       |     3 |     5 ||     8
    Use: Scroll            |     1 |     9 |     1 |     3 |     7 |    10 ||    31
         Potion            |       |     9 |     2 |     6 |     6 |     7 ||    30
   Stab: Sleeping          |       |     4 |     1 |     1 |    16 |       ||    22
         Confused          |       |       |     1 |    10 |    30 |    10 ||    51
         Invisible         |       |       |       |     4 |    13 |     1 ||    18
         Petrifying        |       |       |       |     4 |     5 |       ||     9
         Distracted        |       |       |       |     3 |     5 |     3 ||    11
         Paralysed         |       |       |       |     2 |     6 |     2 ||    10
         Held in net/web   |       |       |       |       |     6 |     1 ||     7
 Armour: Leather armour    |    42 |    60 |   106 |   155 |   194 |   102 ||   659
  Dodge: Dodged            |    55 |    98 |   181 |   556 |   754 |   392 ||  2036
